Map: Vigía EE

Players

RGRShaff

  • Race: Terran Terran
  • Spawn Location: 6:00

Jetman

  • Race: Terran Terran
  • Spawn Location: 5:00

panthersfan

  • Race: Protoss Protoss
  • Spawn Location: 5:00

TATORREA - Winner!

  • Race: Protoss Protoss
  • League: Silver
  • Spawn Location: 12:00

tigro - Winner!

  • Race: Terran Terran
  • League: Bronze
  • Spawn Location: 9:00

MrFercho - Winner!

  • Race: Zerg Zerg
  • League: Silver
  • Spawn Location: 9:00

VOD

Have the link to the VOD?

Description

Time

  • Played on: June 3, 2020, 10:39 p.m.
  • Length: 4:23
Show
View Real Time Build Order
Export as new Build Order

RGRShaff Terran 

Build Orders:  

Get SALT Encoding   

  12  0:01  SCV  
  13  0:13  SCV  
  14  0:19  Supply Depot  
  14  0:25  SCV  
  15  0:40  SCV  
  16  0:44  Barracks  
  16  0:52  SCV  
  16  0:54  Refinery  
  17  1:00  Refinery  
  17  1:04  SCV  
  18  1:17  SCV  
  19  1:29  SCV  
  19  1:32  Barracks  
  20  1:34  Barracks  
  20  1:42  Barracks Reactor  
  20  1:49  SCV  
  22  2:01  SCV  
  22  2:13  SCV  
  23  2:23  Barracks Reactor x2  
  23  2:32  Supply Depot  
  23  2:34  Supply Depot  
  23  2:37  Supply Depot  
  23  2:53  SCV  
  23  2:56  Marine  
  23  2:57  Marine  
  26  3:05  SCV  
  27  3:14  Marine x2  
  29  3:32  Marine x2  
Show
View Real Time Build Order
Export as new Build Order

Jetman Terran 

Build Orders:  

Get SALT Encoding   

  12  0:01  SCV  
  13  0:13  SCV  
  14  0:18  Supply Depot  
  14  0:25  SCV  
  15  0:39  Refinery  
  15  0:40  SCV  
  16  0:43  Refinery  
  16  0:50  Supply Depot  
  16  0:52  SCV  
  17  1:05  SCV  
  18  1:17  SCV  
  19  1:20  Barracks  
  19  1:30  SCV  
  20  1:42  SCV  
  21  2:11  Barracks  
  21  2:14  Marine  
  22  2:32  Marine  
  17  2:58  SCV  
  9  3:10  SCV  
  4  3:22  SCV  
Show
View Real Time Build Order
Export as new Build Order

panthersfan Protoss 

Build Orders:  

Get SALT Encoding   

  12  0:02  Probe  
  13  0:14  Probe  
  14  0:26  Probe  
  15  0:35  Pylon  
  15  0:41  Pylon  
  15  0:46  Assimilator  
  15  0:51  Assimilator  
  15  0:53  Probe  
  16  1:05  Probe  
  17  1:17  Probe (Chrono Boost)  
  18  1:25  Gateway  
  18  1:27  Probe (Chrono Boost)  
  18  1:32  Probe (Chrono Boost)  
  19  1:34  Forge  
  20  1:44  Probe  
  21  1:52  Pylon  
  21  1:56  Probe (Chrono Boost)  
  22  2:06  Probe (Chrono Boost)  
  23  2:11  Probe (Chrono Boost)  
  24  2:22  Probe  
  25  2:29  Nexus  
  25  2:38  Cybernetics Core  
  9  3:17  Stalker  
  10  3:20  Probe  
  11  3:47  Stalker  
Show
View Real Time Build Order
Export as new Build Order

TATORREA Protoss - Winner!

Build Orders: Cannon Rush 

Get SALT Encoding   

  12  0:01  Probe  
  13  0:19  Pylon  
  13  0:23  Probe  
  14  0:45  Forge  
  14  0:49  Gateway  
  14  0:51  Probe  
  15  1:12  Pylon  
  15  1:33  Photon Cannon  
  15  1:34  Photon Cannon  
  15  1:35  Photon Cannon  
  15  1:59  Photon Cannon  
  15  2:01  Photon Cannon  
  15  2:02  Photon Cannon  
  15  2:10  Pylon  
  15  2:21  Probe  
  16  2:32  Pylon  
  16  2:53  Pylon  
  16  2:55  Photon Cannon  
  16  2:56  Photon Cannon  
  16  3:05  Pylon  
  16  3:25  Pylon  
  16  3:37  Pylon  
  16  3:45  Pylon  
  16  3:51  Pylon  
  16  3:59  Photon Cannon  
  16  4:01  Photon Cannon  
  16  4:02  Photon Cannon  
  16  4:14  Pylon  
  16  4:17  Pylon  
Show
View Real Time Build Order
Export as new Build Order

tigro Terran - Winner!

Build Orders:  

Get SALT Encoding   

  12  0:02  SCV  
  13  0:14  SCV  
  14  0:22  Supply Depot  
  14  0:30  SCV  
  15  0:38  Refinery  
  15  0:44  SCV  
  16  0:54  Barracks  
  16  0:59  SCV  
  18  1:11  Refinery, SCV  
  18  1:19  Supply Depot  
  18  1:23  SCV  
  19  1:35  SCV  
  20  1:44  Marine  
  21  1:51  SCV  
  22  2:01  Marine  
  22  2:03  SCV  
  24  2:13  Barracks  
  24  2:19  Marine  
  25  2:24  SCV  
  26  2:36  SCV  
  27  2:37  Marine  
  28  2:55  Marine  
  29  3:04  Engineering Bay  
  29  3:06  Barracks Tech Lab  
  29  3:17  Factory  
  29  3:19  Orbital Command  
  29  3:26  Barracks Tech Lab  
  29  3:30  Marine  
  30  3:48  Marine  
  31  4:05  Command Center  
  31  4:19  Factory Tech Lab  
  31  4:23  Starport  
Show
View Real Time Build Order
Export as new Build Order

MrFercho Zerg - Winner!

Build Orders: Pool First 

Get SALT Encoding   

  12  0:01  Drone  
  13  0:18  Drone  
  14  0:29  Spawning Pool  
  14  0:30  Drone  
  14  0:38  Overlord  
  14  0:49  Extractor  
  13  0:59  Drone  
  13  1:00  Drone x2  
  16  1:20  Queen  
  18  1:28  Zergling x4  
  20  1:36  Drone  
  21  2:13  Hatchery  
  20  2:18  Lair  
  20  2:21  Hatchery  
  19  2:25  Extractor  
  19  2:28  Drone x2  
  20  3:00  Metabolic Boost  
  20  3:12  Drone x2  
  22  3:16  Overlord x2  
  22  3:17  Overlord  
  22  3:24  Evolution Chamber  
  21  3:48  Zergling x2  
  21  3:49  Zergling x14  
  29  4:01  Drone  
Tags
 
Add a new tag
Caveats
  • Supply blocks, unpowered buildings, or Contaminate may cause inaccurate times.
  • Supply counts are checked every 10 seconds.